Map: Frost LE

Players

kiuli

  • Race: Zerg Zerg
  • League: Bronze

Gracz - Winner!

  • Race: Terran Terran

VOD

Have the link to the VOD?

Description

Time

  • Played on: Aug. 27, 2016, 6:28 p.m.
  • Length: 18:50
Show
View Real Time Build Order
Export as new Build Order

kiuli Zerg 

Build Orders: Pool First, Lurkers 

Get SALT Encoding   

  12  0:05  Drone  
  13  0:16  Overlord  
  13  0:20  Drone  
  14  0:38  Drone x2  
  16  0:49  Spawning Pool  
  15  0:59  Extractor  
  15  1:01  Drone  
  15  1:02  Drone x2  
  17  1:44  Drone x3  
  20  2:01  Drone  
  21  2:11  Spine Crawler  
  20  2:16  Drone  
  21  2:23  Hatchery  
  20  2:34  Drone x2  
  22  2:40  Extractor  
  22  2:42  Lair  
  21  3:04  Overlord  
  21  3:05  Overlord  
  21  3:06  Overlord  
  21  3:18  Drone  
  22  3:38  Spore Crawler  
  21  3:47  Spine Crawler  
  20  3:50  Burrow  
  20  3:56  Drone x3  
  23  4:11  Hydralisk Den  
  22  4:17  Hatchery  
  22  4:21  Drone  
  22  4:22  Drone x2  
  24  4:35  Drone x2  
  24  4:36  Drone  
  27  4:43  Lurker Den  
  27  4:59  Hydralisk x2  
  29  5:06  Drone x3  
  34  5:24  Hatchery  
  33  5:30  Hydralisk  
  33  5:33  Hydralisk x2  
  33  5:34  Hydralisk  
  41  5:52  Hydralisk  
  41  5:53  Hydralisk  
  41  5:56  Hydralisk x2  
  49  6:09  Hydralisk  
  51  6:13  Hydralisk x2  
  55  6:21  Drone  
  55  6:22  Drone x2  
  58  6:39  Extractor  
  57  6:46  Spine Crawler  
  56  6:50  Spine Crawler  
  55  6:54  Spore Crawler  
  55  6:58  Drone x3  
  57  7:02  Drone x3  
  57  7:07  Hydralisk x2  
  64  7:11  Overlord  
  64  7:33  Lurker  
  64  7:35  Lurker  
  66  7:38  Lurker  
  66  7:40  Hydralisk x2  
  71  7:44  Overlord x3  
  71  7:51  Drone  
  72  7:52  Overlord x2  
  72  8:13  Hydralisk x3  
  72  8:17  Hydralisk  
  72  8:18  Hydralisk  
  82  8:20  Overlord  
  82  8:29  Extractor  
  81  8:35  Extractor  
  81  8:37  Drone x3  
  81  8:50  Hydralisk x3  
  85  9:10  Drone  
  85  9:14  Hydralisk x2  
  85  9:15  Hydralisk  
  92  9:30  Hydralisk  
  94  9:44  Pneumatized Carapace  
  94  9:49  Drone  
  94  9:50  Drone x2  
  97  9:56  Drone x2  
  99  10:05  Hydralisk x3  
  105  10:08  Hydralisk x3  
  111  10:22  Extractor  
  110  10:34  Spine Crawler  
  109  10:39  Spine Crawler  
  109  10:40  Drone x3  
  111  10:50  Spore Crawler  
  111  10:55  Spine Crawler  
  109  10:59  Spine Crawler  
  108  11:05  Spine Crawler  
  108  11:10  Spine Crawler  
  106  11:14  Drone x3  
  109  11:19  Hydralisk x3  
  115  11:33  Drone  
  115  11:38  Drone  
  117  11:52  Lurker  
  118  11:54  Lurker  
  118  11:57  Lurker  
  120  12:01  Overlord x2  
  120  12:02  Overlord  
  120  12:23  Drone  
  120  12:24  Drone x2  
  123  12:56  Drone x3  
  122  13:16  Drone x8  
  121  13:41  Drone  
  121  13:42  Drone x2  
  124  13:51  Spore Crawler  
  103  14:31  Hydralisk x3  
  103  14:34  Hydralisk x2  
  103  14:35  Hydralisk  
  115  14:42  Drone x2  
  115  14:43  Drone  
  118  14:47  Drone  
  111  15:25  Drone x2  
  111  15:26  Drone  
  82  15:58  Hydralisk x2  
  82  15:59  Hydralisk  
  82  16:02  Hydralisk x3  
  72  16:35  Drone x3  
  75  16:40  Hydralisk x3  
  75  16:43  Hydralisk x3  
  87  16:51  Evolution Chamber  
  86  16:58  Drone x3  
  89  17:12  Spore Crawler  
  88  17:17  Spine Crawler  
  88  17:20  Hydralisk x3  
  93  17:25  Hydralisk x2  
  95  17:56  Hydralisk  
  95  17:57  Hydralisk x2  
  101  18:05  Hydralisk x2  
  101  18:06  Hydralisk  
Show
View Real Time Build Order
Export as new Build Order

Gracz Terran - Winner!

Build Orders: Reaper Expand 

Get SALT Encoding   

  12  0:13  Refinery  
  12  0:22  Supply Depot  
  12  0:39  SCV  
  13  0:51  SCV  
  13  0:52  Barracks  
  14  1:03  SCV  
  15  1:15  SCV  
  16  1:41  Barracks Reactor  
  16  1:57  Barracks  
  16  2:02  SCV  
  16  2:05  Bunker  
  17  2:20  Reaper x2  
  19  2:43  Orbital Command  
  19  2:53  Command Center  
  19  3:08  Reaper x2  
  22  3:16  Barracks Reactor  
  21  4:08  Factory  
  21  4:17  Orbital Command  
  21  4:23  SCV  
  22  4:35  SCV  
  23  4:48  SCV  
  24  5:03  Factory Tech Lab  
  24  5:05  Starport  
  24  5:07  Marine x4  
  24  5:10  SCV  
  24  5:13  SCV  
  30  5:16  Refinery  
  30  5:22  SCV  
  30  5:25  SCV  
  32  5:29  Supply Depot  
  32  5:33  Engineering Bay  
  32  5:34  SCV  
  33  5:37  SCV  
  33  5:39  Siege Tank  
  33  5:41  Starport Tech Lab  
  37  5:45  Starport  
  37  5:46  SCV  
  38  5:58  SCV  
  38  6:01  Supply Depot  
  39  6:07  Cloaking Field  
  39  6:34  SCV  
  39  6:37  SCV  
  41  6:41  Combat Shields  
  41  6:44  Hellion x2  
  41  6:47  Starport Tech Lab, SCV  
  46  6:49  SCV  
  47  6:58  Terran Infantry Weapons Level 1  
  47  7:05  Refinery, SCV  
  47  7:07  Refinery  
  48  7:17  SCV  
  49  7:29  SCV  
  50  7:31  Banshee  
  53  8:08  SCV  
  54  8:25  Marauder  
  54  8:26  Widow Mine x2  
  60  8:28  Reaper  
  60  8:29  Reaper  
  62  9:01  Widow Mine  
  62  9:13  Reaper x2, Marauder, Widow Mine  
  68  9:21  SCV  
  69  9:28  Terran Infantry Armor Level 1  
  69  9:33  SCV  
  69  9:35  Marauder  
  72  9:39  Medivac x2  
  72  9:45  SCV, Reaper  
  78  9:54  Supply Depot  
  78  10:16  Medivac x2, Reaper  
  83  10:30  Marine  
  84  10:48  Marine x2, Armory  
  86  10:54  Barracks  
  86  10:57  Supply Depot  
  86  10:58  Marine x2  
  88  11:05  Marine  
  88  11:06  Marine  
  90  11:16  Marine x2  
  92  11:23  Marine x2  
  94  11:34  Marine x2  
  96  11:41  Marine x2  
  98  11:52  Marine  
  99  11:55  Marine  
  99  11:58  Barracks Reactor  
  100  12:04  Barracks  
  100  12:23  Marine x2  
  102  12:30  Supply Depot  
  102  12:31  Marine x2, Medivac x2  
  108  12:40  Marine  
  108  12:41  Marine  
  110  12:52  Supply Depot  
  110  13:01  Medivac x2  
  114  13:15  Supply Depot  
  114  13:38  Barracks Reactor, Marine x3  
  114  13:39  Marine x3  
  114  13:40  Command Center  
  120  13:48  Terran Ship Weapons Level 1  
  120  13:49  Armory  
  120  13:50  Building Armor  
  120  14:26  Widow Mine  
  120  14:30  Marine x4, Command Center  
  120  14:31  Marine  
  127  14:32  Banshee  
  127  14:33  Banshee  
  133  14:54  Widow Mine  
  135  15:15  Banshee  
  135  15:16  Banshee  
  141  15:23  Widow Mine  
  140  15:51  Widow Mine  
  142  15:58  Banshee  
  142  15:59  Banshee  
  146  16:20  Siege Tank  
  148  16:36  Refinery  
  148  16:41  Banshee  
  151  16:52  Siege Tank  
  154  16:56  Orbital Command  
  154  17:54  Orbital Command  
Tags
 
Add a new tag
Caveats
  • Supply blocks, unpowered buildings, or Contaminate may cause inaccurate times.
  • Supply counts are checked every 10 seconds.